Map: Persephone LE

Players

gtCheticus - Winner!

  • Race: Zerg Zerg
  • League: Master
  • Spawn Location: 7:00

AwesomeSauce

  • Race: Protoss Protoss
  • League: Master
  • Spawn Location: 11:00

VOD

Have the link to the VOD?

Description

Time

  • Played on: Oct. 7, 2025, 9:30 p.m.
  • Length: 41:09
Show
View Real Time Build Order
Export as new Build Order

gtCheticus Zerg - Winner!

Build Orders: Hatch First, Swarm Host 

Get SALT Encoding   

  12  0:00  Drone  
  13  0:10  Drone  
  14  0:24  Overlord  
  14  0:42  Drone x2  
  16  0:54  Drone x2  
  18  1:09  Drone  
  19  1:16  Drone  
  19  1:33  Drone  
  19  1:37  Drone  
  20  1:49  Hatchery  
  18  2:03  Drone x2  
  20  2:10  Drone  
  21  2:19  Spawning Pool  
  20  2:45  Drone  
  20  2:46  Hatchery, Drone x2  
  22  3:06  Spore Crawler  
  19  3:15  Zergling x4  
  19  3:16  Zergling x2  
  19  3:17  Queen  
  22  3:32  Spore Crawler  
  20  3:40  Drone x2  
  20  3:41  Drone x4  
  26  3:55  Queen  
  26  4:01  Queen  
  30  4:04  Zergling x2  
  30  4:07  Zergling x2  
  32  4:10  Zergling x2  
  32  4:14  Zergling x2  
  34  4:19  Overlord  
  33  4:43  Drone x8  
  41  4:46  Spore Crawler  
  41  4:52  Zergling x2  
  41  4:53  Zergling x2  
  41  4:55  Overlord  
  41  4:59  Extractor  
  39  5:19  Drone x3  
  39  5:20  Drone x5  
  42  5:21  Hatchery  
  41  5:32  Overlord  
  41  5:40  Extractor  
  40  5:45  Drone x4  
  40  5:49  Extractor  
  44  5:57  Drone x2  
  44  6:03  Extractor  
  44  6:06  Drone  
  44  6:07  Drone  
  46  6:13  Lair  
  46  6:14  Drone x6  
  52  6:28  Overlord x2  
  52  6:32  Queen  
  52  6:33  Evolution Chamber  
  52  6:35  Drone  
  52  6:36  Queen, Evolution Chamber, Drone x2  
  57  6:47  Drone x7  
  64  6:55  Spore Crawler  
  63  7:01  Drone x3  
  63  7:06  Zerg Missile Weapons Level 1, Zerg Ground Armor Level 1  
  66  7:18  Extractor  
  66  7:19  Infestation Pit, Queen  
  66  7:21  Overlord  
  66  7:22  Overlord  
  66  7:23  Overlord, Extractor  
  65  7:41  Overlord  
  65  7:45  Drone x2  
  65  7:46  Drone x6  
  73  7:58  Swarm Host x3  
  73  7:59  Swarm Host x4  
  73  8:03  Overlord  
  73  8:04  Overlord  
  97  8:20  Overlord  
  97  8:21  Overlord  
  97  8:23  Swarm Host x3  
  97  8:24  Swarm Host  
  112  8:33  Overlord  
  112  8:39  Hive  
  112  8:40  Swarm Host x4  
  127  8:45  Swarm Host  
  127  8:47  Overlord x2  
  130  8:50  Overlord  
  130  8:59  Spine Crawler x2  
  130  9:02  Spine Crawler  
  127  9:03  Overlord  
  127  9:04  Zerg Missile Weapons Level 2  
  127  9:05  Zerg Ground Armor Level 2  
  127  9:09  Drone  
  130  9:10  Drone x3  
  130  9:12  Drone  
  130  9:13  Drone  
  133  9:27  Spine Crawler  
  133  9:30  Spine Crawler  
  131  9:33  Spine Crawler, Swarm Host x4  
  142  9:49  Hatchery  
  142  9:52  Infestor  
  141  9:53  Infestor x2  
  147  10:01  Extractor  
  147  10:05  Extractor  
  145  10:17  Drone x3  
  148  10:25  Overlord x2  
  148  10:29  Neural Parasite  
  148  10:30  Ultralisk Cavern  
  148  10:32  Pneumatized Carapace  
  148  10:33  Burrow  
  147  10:38  Drone x6  
  147  10:41  Spine Crawler  
  147  10:42  Swarm Host  
  152  10:43  Spine Crawler x2  
  152  10:47  Hatchery  
  152  10:48  Extractor  
  151  10:50  Extractor  
  151  10:51  Drone x3  
  151  10:52  Drone x3  
  158  11:11  Overlord  
  158  11:15  Hydralisk Den  
  157  11:19  Infestor x4  
  165  11:34  Zerg Ground Armor Level 3  
  165  11:35  Zerg Missile Weapons Level 3  
  165  11:36  Drone  
  165  11:37  Drone x10  
  176  11:52  Overseer  
  176  11:54  Overseer  
  176  12:04  Overlord x2  
  176  12:05  Grooved Spines  
  176  12:06  Chitinous Plating  
  170  12:17  Swarm Host  
  170  12:18  Swarm Host x3  
  182  12:41  Infestor x7  
  182  12:56  Muscular Augments  
  173  13:11  Hydralisk x10  
  173  13:12  Hydralisk x3  
  195  13:27  Infestor x2  
  199  13:48  Infestor x5  
  197  14:06  Spine Crawler x2  
  195  14:10  Spine Crawler  
  195  14:11  Evolution Chamber x2  
  195  14:13  Spore Crawler, Evolution Chamber x2  
  181  14:25  Microbial Shroud  
  181  14:45  Infestor x3  
  183  15:04  Unknown  
  181  15:15  Hatchery  
  178  15:53  Zerg Melee Weapons Level 1  
  178  16:07  Overlord x2  
  178  16:08  Overlord  
  178  16:16  Spore Crawler  
  177  16:18  Infestor x6  
  177  16:19  Hatchery  
  176  16:26  Hydralisk x6  
  176  16:28  Overseer  
  176  16:29  Spine Crawler x5  
  176  16:30  Spine Crawler x2  
  176  16:31  Spine Crawler  
  176  16:32  Spine Crawler  
  163  16:42  Overseer x2  
  138  17:17  Hydralisk x11  
  138  17:20  Ultralisk  
  138  17:21  Ultralisk x4  
  177  17:33  Anabolic Synthesis  
  177  17:44  Ultralisk  
  177  17:45  Ultralisk x2  
  193  18:00  Hatchery  
  153  18:19  Hydralisk x2  
  149  18:20  Hydralisk x7  
  165  18:27  Extractor, Hydralisk  
  165  18:28  Extractor, Hydralisk x2  
  165  18:31  Zerg Melee Weapons Level 2  
  171  18:37  Hydralisk x3  
  177  18:44  Hydralisk x4  
  185  18:51  Hydralisk  
  184  19:02  Drone x2  
  186  19:03  Drone  
  186  19:06  Infestor x4  
  195  19:11  Hatchery  
  195  19:12  Hydralisk  
  196  19:20  Hatchery  
  196  19:23  Infestor x2  
  195  19:33  Hatchery  
  157  19:47  Hydralisk  
  157  19:48  Hydralisk x10  
  140  20:10  Ultralisk x5  
  161  20:18  Hydralisk x4  
  158  20:23  Swarm Host x3  
  158  20:27  Drone x2  
  164  20:33  Drone  
  164  20:34  Drone x4  
  169  20:38  Extractor  
  168  20:47  Infestor  
  168  20:48  Infestor x3, Extractor  
  177  20:54  Drone x5  
  180  20:57  Infestor x4  
  171  21:25  Hydralisk x11  
  139  21:50  Drone x12  
  149  22:05  Extractor  
  149  22:07  Extractor  
  146  22:10  Infestor x3  
  152  22:21  Overseer x4  
  152  22:22  Overseer  
  152  22:24  Overseer  
  152  22:50  Swarm Host x7  
  173  23:01  Infestor x3  
  179  23:15  Infestor x2  
  183  23:24  Overlord  
  183  24:28  Infestor x4  
  183  24:29  Infestor x10  
  178  24:56  Drone x10  
  179  25:19  Hydralisk x2  
  179  25:20  Hydralisk x5  
  185  25:31  Spine Crawler  
  178  25:46  Infestor x3  
  178  25:47  Overlord  
  178  25:48  Overlord x2  
  182  26:02  Drone x2  
  182  26:03  Drone x5  
  189  26:08  Zerg Melee Weapons Level 3  
  189  26:09  Adrenal Glands  
  189  26:16  Hatchery  
  188  26:27  Zergling x2  
  188  26:28  Overlord  
  189  26:43  Infestor x3  
  189  26:44  Infestor  
  197  26:51  Overseer  
  197  26:52  Overseer  
  197  27:03  Overseer  
  191  27:12  Drone x8  
  193  27:38  Drone  
  193  27:39  Drone x6  
  193  27:41  Metabolic Boost  
  200  27:52  Extractor  
  200  27:56  Extractor  
  198  27:59  Spore Crawler x2  
  198  28:01  Hatchery  
  198  28:04  Infestor x8  
  195  28:11  Spine Crawler  
  194  28:19  Spine Crawler  
  193  28:21  Spine Crawler  
  193  28:24  Spine Crawler  
  193  28:26  Spine Crawler  
  184  28:41  Infestor x3  
  184  28:48  Drone x4  
  189  28:49  Drone x3  
  189  28:50  Drone  
  189  28:51  Drone x4  
  199  29:29  Hatchery  
  178  30:23  Infestor x4  
  186  30:32  Ultralisk x2  
  198  30:47  Infestor x5  
  193  31:07  Spine Crawler  
  193  31:09  Spine Crawler  
  191  31:12  Spine Crawler x2  
  191  31:13  Spine Crawler  
  191  31:15  Spine Crawler  
  187  31:20  Spine Crawler  
  187  31:22  Spine Crawler  
  187  31:23  Swarm Host  
  187  31:24  Spine Crawler x2, Swarm Host x4  
  177  31:51  Drone x2  
  177  31:52  Spore Crawler, Drone x7  
  184  32:06  Drone  
  184  32:07  Drone x9  
  194  32:09  Drone  
  194  32:10  Drone x3  
  194  32:15  Extractor x2  
  196  32:18  Hatchery  
  195  32:23  Infestor x2  
  195  32:27  Overlord  
  196  33:19  Drone  
  197  33:20  Drone x3  
  185  34:06  Infestor x5  
  171  34:34  Hatchery  
  171  34:36  Extractor  
  171  34:37  Extractor  
  168  34:45  Hatchery  
  167  34:50  Overlord  
  167  34:51  Overlord  
  167  34:58  Swarm Host x8  
  146  35:16  Hydralisk x15  
  158  35:21  Hydralisk x2  
  162  35:32  Overlord x4  
  162  35:41  Swarm Host x6  
  180  35:44  Infestor x2  
  174  36:20  Hatchery  
  173  36:30  Infestor x3  
  177  36:43  Drone  
  177  36:44  Drone x3  
  177  36:45  Drone x2  
  177  37:00  Overseer  
  175  37:05  Overseer  
  175  37:06  Overseer x2  
  173  37:46  Drone x8  
  173  37:47  Drone  
  173  37:49  Spine Crawler  
  181  37:52  Drone x6  
  181  37:53  Spore Crawler, Drone x5  
  191  38:03  Spine Crawler  
  191  38:04  Spine Crawler  
  191  38:05  Overseer, Spine Crawler x2  
  188  38:06  Spine Crawler, Overseer  
  188  38:07  Spine Crawler  
  171  38:22  Spore Crawler  
  171  38:25  Spore Crawler  
  169  38:32  Infestor x5  
  177  38:35  Overlord  
  177  38:36  Drone  
  174  38:43  Hydralisk  
  174  38:44  Hydralisk x9  
  174  38:46  Overlord x4  
  192  39:43  Hatchery  
  190  39:46  Extractor  
  187  40:23  Infestor x13  
  189  40:45  Spine Crawler  
  189  40:47  Spine Crawler  
  189  40:48  Spine Crawler  
  186  40:53  Spine Crawler  
  186  40:54  Spine Crawler x4  
  186  40:57  Spine Crawler x2  
  197  41:00  Spine Crawler  
  195  41:04  Spine Crawler  
Show
View Real Time Build Order
Export as new Build Order

AwesomeSauce Protoss 

Build Orders:  

Get SALT Encoding   

  12  0:00  Probe  
  13  0:12  Probe  
  14  0:19  Pylon  
  14  0:25  Probe  
  15  0:33  Probe  
  15  0:39  Gateway  
  15  0:41  Probe  
  16  0:47  Assimilator  
  17  1:03  Pylon  
  17  1:16  Probe  
  17  1:17  Assimilator  
  18  1:35  Cybernetics Core  
  18  1:37  Probe  
  18  2:03  Adept, Probe  
  21  2:33  Warp Gate  
  21  2:36  Nexus  
  21  2:49  Probe  
  22  3:00  Pylon  
  22  3:16  Stalker  
  24  3:30  Probe  
  24  3:33  Pylon  
  25  3:45  Probe  
  24  3:48  Assimilator  
  24  3:50  Stargate  
  24  3:55  Gateway  
  24  3:57  Probe  
  24  3:59  Gateway  
  24  4:00  Shield Battery  
  26  4:02  Probe  
  26  4:09  Probe  
  27  4:10  Shield Battery  
  27  4:21  Adept  
  28  4:34  Probe x2  
  28  4:35  Oracle  
  33  4:53  Sentry  
  33  4:54  Probe  
  33  4:55  Probe  
  33  4:58  Assimilator  
  33  4:59  Adept  
  39  5:18  Probe x2  
  39  5:20  Adept  
  41  5:32  Probe x2  
  43  5:44  Oracle, Probe x2  
  48  5:52  Nexus  
  48  5:55  Adept  
  48  5:56  Probe x2  
  52  6:08  Probe x2  
  54  6:12  Twilight Council  
  54  6:13  Gateway  
  54  6:35  Gateway  
  54  6:40  Gateway  
  54  6:44  Gateway  
  54  6:45  Pylon  
  54  6:53  Templar Archives  
  54  6:56  Pylon  
  54  7:03  Probe x2  
  56  7:08  Probe  
  56  7:09  Pylon  
  56  7:11  Zealot x2  
  56  7:13  Probe  
  56  7:15  Probe  
  63  7:17  Charge, Probe  
  63  7:21  Gateway, Probe  
  64  7:25  Probe  
  64  7:27  Probe  
  64  7:29  Probe  
  67  7:30  Psionic Storm  
  67  7:35  Probe  
  67  7:36  High Templar x2  
  72  7:38  Stalker  
  72  7:39  Probe  
  72  7:40  Probe  
  72  7:42  Shield Battery  
  72  7:43  Probe  
  77  7:48  Probe  
  79  7:51  Probe x2  
  81  8:03  Probe  
  82  8:07  Stargate  
  82  8:13  Stalker x4  
  90  8:26  Zealot  
  92  8:27  Probe  
  92  8:30  Assimilator  
  93  8:43  Nexus  
  93  8:44  Fleet Beacon  
  93  8:45  Pylon  
  93  8:46  Forge  
  93  9:03  Blink, Probe x2  
  93  9:06  Zealot x3  
  93  9:08  Assimilator x2  
  101  9:10  Pylon  
  101  9:28  Probe x2  
  101  9:29  Tempest  
  107  9:33  Probe  
  107  9:35  Photon Cannon  
  107  9:37  Photon Cannon  
  108  9:40  Probe  
  108  9:46  Protoss Ground Weapons Level 1  
  108  9:49  High Templar  
  108  9:51  Probe  
  109  9:52  Pylon  
  109  9:54  Photon Cannon, Tempest  
  109  9:55  Photon Cannon  
  109  9:56  Photon Cannon  
  109  9:58  Photon Cannon  
  113  10:00  Photon Cannon, Shield Battery  
  113  10:02  Shield Battery x2  
  107  10:15  Tempest  
  111  10:28  Zealot x5  
  121  10:30  Probe x3  
  121  10:31  Tempest  
  132  11:05  Mothership  
  132  11:06  Pylon  
  132  11:07  Probe x2  
  132  11:08  Pylon  
  132  11:10  Pylon  
  132  11:12  Probe  
  132  11:17  Pylon  
  129  11:19  Pylon, Probe x2  
  129  11:21  Gateway  
  129  11:23  Gateway  
  129  11:24  Gateway  
  125  11:32  Probe x3  
  128  11:37  High Templar x5  
  138  11:43  Archon  
  138  11:44  Probe  
  139  11:50  Protoss Ground Weapons Level 2  
  139  12:00  Probe x2  
  141  12:03  Photon Cannon  
  141  12:05  Photon Cannon  
  141  12:07  Photon Cannon  
  135  12:20  High Templar x2  
  135  12:21  Stalker x3  
  135  12:22  Stalker x3  
  145  12:38  Assimilator  
  145  12:39  Assimilator  
  145  12:41  Gateway  
  145  12:44  Gateway  
  145  12:45  Gateway  
  145  12:48  Robotics Facility  
  145  12:54  Stalker x5  
  145  12:55  Stalker x3  
  133  13:18  Stalker x5  
  133  13:19  Stalker x3  
  149  13:23  Carrier  
  155  13:45  Zealot x8  
  171  13:50  Observer  
  171  13:52  Nexus  
  171  13:54  Pylon  
  172  13:57  Pylon  
  166  14:05  Carrier  
  172  14:12  Pylon  
  172  14:14  Pylon  
  135  14:47  Stalker x2  
  135  14:48  Stalker x9, Observer  
  158  14:59  Observer  
  158  15:02  Protoss Ground Weapons Level 3  
  158  15:08  Carrier  
  158  15:17  Nexus  
  158  15:19  Pylon  
  158  15:20  Pylon  
  164  15:22  Pylon x2  
  164  15:25  Cybernetics Core  
  164  15:28  Gateway, Carrier  
  166  15:43  High Templar  
  166  15:44  High Templar x6  
  166  15:45  Zealot  
  166  15:46  Probe  
  166  15:47  Probe x2  
  181  15:51  Photon Cannon  
  181  15:53  Photon Cannon  
  181  15:54  Photon Cannon  
  181  15:56  Photon Cannon  
  181  15:59  Photon Cannon  
  181  16:02  Assimilator  
  181  16:06  Assimilator  
  181  16:11  Shield Battery  
  181  16:12  Shield Battery  
  181  16:13  Shield Battery  
  181  16:14  Zealot x2  
  181  16:16  Shield Battery  
  183  16:32  Zealot x10  
  184  17:09  Zealot x4  
  184  17:10  Zealot  
  176  17:31  Dark Shrine  
  168  17:43  Zealot x12  
  192  17:45  Probe x3  
  192  17:46  Assimilator  
  195  17:58  Probe x2  
  135  18:26  Stalker x3  
  135  18:27  Stalker x9  
  159  18:41  Robotics Facility  
  159  18:42  Protoss Shields Level 1  
  159  18:48  Robotics Facility  
  135  19:04  Robotics Facility  
  135  19:05  Photon Cannon  
  135  19:07  Photon Cannon  
  135  19:08  High Templar  
  135  19:09  Photon Cannon, High Templar x11  
  159  19:12  Archon  
  159  19:13  Archon x4  
  159  19:14  Archon  
  159  19:35  Nexus  
  153  19:40  Nexus  
  153  19:45  High Templar x2  
  139  19:52  Archon  
  123  19:56  Zealot x5  
  123  19:57  Zealot x5  
  125  20:11  Observer  
  122  20:16  Probe x2  
  120  20:27  High Templar  
  120  20:28  High Templar x9  
  132  20:40  Probe x3  
  132  20:41  Probe  
  136  20:43  Pylon  
  136  20:45  Pylon  
  136  21:00  Pylon, Zealot x5  
  136  21:01  Zealot x6  
  136  21:02  Pylon  
  158  21:05  Stalker  
  154  21:13  Archon  
  154  21:14  Archon x2  
  146  21:22  Dark Templar x4  
  109  21:47  Shadow Stride  
  97  22:01  Photon Cannon  
  97  22:03  Photon Cannon  
  97  22:04  Photon Cannon  
  97  22:06  Photon Cannon  
  87  22:10  Assimilator  
  87  22:16  Immortal x2, Assimilator  
  87  22:22  High Templar x8  
  101  22:24  Stalker  
  101  22:25  Stalker x2, Zealot  
  101  22:27  Archon x3  
  119  22:42  Tempest  
  123  22:46  Tempest  
  127  22:57  Zealot x5  
  137  23:02  Immortal  
  135  23:21  Nexus  
  135  23:24  High Templar x5  
  135  23:26  Stalker  
  147  23:27  Zealot x3  
  147  23:33  Archon  
  153  23:49  Pylon  
  153  23:53  Immortal  
  153  23:55  High Templar x2  
  161  24:02  Immortal  
  155  24:03  Nexus  
  150  24:16  Zealot  
  148  24:25  Zealot x7  
  162  24:36  Immortal  
  166  24:41  Immortal  
  166  24:44  High Templar x2  
  166  24:45  High Templar x2, Stalker  
  178  24:47  Zealot x2  
  165  25:23  Carrier x2  
  175  25:40  Archon  
  175  25:41  Archon  
  169  25:47  Warp Prism  
  149  25:53  High Templar x3  
  149  25:54  High Templar, Zealot x3  
  149  25:55  Zealot x3  
  149  25:56  Zealot  
  165  25:59  Probe x2  
  169  26:10  Protoss Shields Level 2  
  169  26:15  Nexus  
  169  26:17  Pylon  
  169  26:20  Zealot x4  
  177  26:25  Dark Templar  
  177  26:27  Dark Templar  
  161  26:54  Zealot x10  
  155  27:09  Immortal x3  
  155  27:13  Tempest  
  171  27:17  Pylon  
  157  27:37  Stalker x6  
  155  27:41  High Templar x2  
  155  27:43  High Templar  
  171  27:47  Assimilator  
  171  27:54  Dark Templar  
  171  28:13  High Templar x4  
  171  28:15  Zealot x7  
  171  28:18  Archon  
  185  28:35  Observer  
  185  28:36  Observer  
  177  28:49  Zealot  
  177  28:50  Zealot x10  
  177  28:52  Assimilator, Probe  
  159  29:33  Nexus  
  159  29:40  Stalker x12  
  183  29:45  Tempest  
  183  30:05  Archon  
  163  30:17  High Templar x2  
  163  30:18  High Templar x2  
  163  30:19  Zealot x7  
  171  30:26  Dark Templar  
  173  30:40  Dark Templar  
  141  31:34  Zealot x8  
  141  31:35  Zealot x2  
  151  31:54  Immortal x2  
  151  31:55  Immortal  
  155  32:04  Protoss Shields Level 3  
  147  32:12  High Templar x6  
  147  32:15  Zealot x5  
  165  32:28  High Templar  
  147  33:25  Zealot x2  
  147  33:26  Zealot x10  
  171  33:30  Immortal x3  
  159  34:02  Archon  
  141  34:06  High Templar x6  
  148  34:21  Zealot x6  
  156  34:32  Immortal x2  
  152  34:50  High Templar  
  152  34:51  High Templar  
  152  34:52  Stalker x2  
  160  34:55  Archon  
  144  35:13  Archon x2  
  142  35:27  High Templar x3  
  144  35:41  Zealot x7  
  136  36:21  Dark Templar  
  136  36:25  Archon  
  118  36:35  Tempest x2  
  122  36:44  High Templar x2  
  122  36:45  Zealot x6  
  100  37:44  Nexus  
  100  37:51  High Templar x2  
  102  37:52  Zealot x7  
  92  38:44  Zealot x2  
  94  38:50  Zealot  
  90  39:32  Pylon  
  90  40:04  Dark Templar  
  92  40:22  Observer  
  69  40:50  High Templar x2  
  69  40:51  Zealot x5  
  69  40:52  Zealot x4  
Tags
 
Composition
Swarm Host
Matchup
PvZ
Spawn Locations
Close Positions
Add a new tag
Caveats
  • Supply blocks, unpowered buildings, or Contaminate may cause inaccurate times.
  • Supply counts are checked every 10 seconds.